 Dungeon Crawl Stone Soup version 0.25-a0-308-geac79542e2 (webtiles) character file.

Game seed: 17221323104939472320, levelgen mode: deterministic

2161 tilp the Covert (level 9, 0/44 HPs)
             Began as a Spriggan Enchanter on Dec 22, 2019.
             Was a Follower of Makhleb.
             Slain by a wyvern skeleton (10 damage)
             ... on level 7 of the Dungeon.
             The game lasted 00:27:01 (9107 turns).

tilp the Covert (Spriggan Enchanter)                Turns: 9107, Time: 00:27:02

Health: 0/44       AC:  2    Str:  4    XL:     9   Next: 10%
Magic:  1/16       EV: 23    Int: 19    God:    Makhleb [*.....]
Gold:   344        SH:  0    Dex: 17    Spells: 5/16 levels left

rFire    . . .     SeeInvis +   a - +2 dagger (venom)
rCold    . . .     Gourm    .   (shield restricted)
rNeg     . . .     Faith    .   b - +0 robe
rPois    .         Spirit   .   (helmet restricted)
rElec    .         Reflect  .   o - scarf {cloud immunity}
rCorr    .         Harm     .   (gloves unavailable)
MR       +....                  (boots unavailable)
Stlth    +++++.....             (no amulet)
HPRegen  0.14/turn              t - ring of flight
MPRegen  0.15/turn              z - ring of stealth

@: very quick
A: very small, unfitting armour, see invisible, herbivore, speed 3, slow
metabolism 2
a: Renounce Religion, Evoke Flight


You were on level 7 of the Dungeon.
You worshipped Makhleb.
Makhleb was aware of your devotion.
You were near starving.

You visited 1 branch of the dungeon, and saw 9 of its levels.
You also visited: Sewer.

You collected 344 gold pieces.

Inventory:

Hand Weapons
 a - a +2 dagger of venom (weapon)
Missiles
 f - 21 poisoned darts (quivered)
 q - 12 curare-tipped darts
 y - 7 datura-tipped darts
 C - 5 boomerangs of dispersal
 H - a throwing net
Armour
 b - a +0 robe (worn)
 o - a scarf of cloud immunity (worn)
Jewellery
 t - a ring of flight (left hand)
 z - a ring of stealth (right hand)
Wands
 s - a wand of flame (7)
 F - a wand of random effects (11)
 G - a wand of polymorph (10)
Scrolls
 d - 9 scrolls of teleportation
 e - a scroll of random uselessness {unknown}
 l - 4 scrolls of amnesia
 w - a scroll of fear {unknown}
 x - a scroll of immolation
 B - a scroll of remove curse
 D - a scroll of blinking {unknown}
 E - a scroll of enchant weapon {unknown}
 I - a scroll of noise {unknown}
Potions
 g - a potion of haste {unknown}
 h - 2 potions of berserk rage
 j - 8 potions of heal wounds
 k - 3 potions of might
 m - 2 potions of flight {unknown}
 p - 2 potions of magic
 r - a potion of mutation {unknown}
 u - a potion of cancellation {unknown}
 v - 6 potions of curing
 A - a potion of agility {unknown}
Comestibles
 c - 8 rations


   Skills:
 - Level 3.0 Fighting
 + Level 5.4 Short Blades
 - Level 8.0 Dodging
 + Level 8.5 Stealth
 - Level 4.2 Spellcasting
 - Level 8.0 Hexes
 - Level 4.2 Evocations


You had 5 spell levels left.
You knew the following spells:

 Your Spells              Type           Power        Failure   Level  Hunger
a - Tukima's Dance        Hex            ####....     1%          3    ###....
b - Ensorcelled Hibernat  Hex/Ice        ###...       4%          2    #......
c - Confuse               Hex            ####....     1%          3    ###....
d - Dazzling Flash        Conj/Hex       ###...       8%          3    ###....

Your spell library contained the following spells:

 Spells                   Type           Power        Failure   Level  Hunger
 Corona                   Hex            ####...      1%          1    None


Dungeon Overview and Level Annotations

Branches:
Dungeon (9/15)             Temple (0/1) D:6             Orc (0/2) D:9
  Sewer (visited)
   Lair: D:8-11

Altars:
Cheibriados
Elyvilon
Makhleb
Qazlal
Ru
Xom
Yredelemnul

Shops:
D:5 *

Annotations:
D:7 1 transporter, bobob's ghost, novice DEFE


Innate Abilities, Weirdness & Mutations

You are very small and have problems with some larger weapons.
You are too small for most types of armour.
You have supernaturally acute eyesight. (SInv)
You are a herbivore.
You cover ground extremely quickly.
You need to consume almost no food.


Message History

The wyvern skeleton closely misses you. The crimson imp closely misses you.
You closely miss the crimson imp. The wyvern skeleton barely misses you.
The crimson imp blinks!
You hit the wyvern skeleton.
The wyvern skeleton is heavily damaged.
The wyvern skeleton completely misses you.
The crimson imp blinks!
You hit the wyvern skeleton.
The wyvern skeleton is heavily damaged.
The wyvern skeleton closely misses you.
You hit the crimson imp.
The crimson imp is lightly wounded.
The crimson imp completely misses you. The wyvern skeleton bites you!
* * * LOW HITPOINT WARNING * * *
Things that are here:
a killer bee corpse x3
You hit the wyvern skeleton.
The wyvern skeleton is severely damaged.
The wyvern skeleton bites you!
You die...

#.####.#.#
###.##.########
...##.#..#
#............##
...#.###.##
####.......... ....##
##†###### #########.#
...## ##)....#
#####.#### ....##
##.####.#######........o
...#.###.##
#5.....[...o[.#
...##.#...##
#Z###.......#.
######.....## #@#
#...>..##
#.....................#
##.....###....##......#
##...## #....##......#
##.## #.§..####.##.# #.#
##.<## #[# .# .# #..#
#.# .# .. .... .. .#


You could see a crimson imp and a wyvern skeleton.

Vanquished Creatures
  Edmund (D:6)
  An orc warrior (D:6)
  An ice beast (D:6)
  2 phantoms (D:6)
  2 ogres
  A black bear (D:6)
  A centaur (D:6)
  3 big kobolds (Sewer)
  A bullfrog (D:6)
  2 scorpions (D:6)
  A wyvern skeleton (D:7)
  4 killer bees (D:7)
  A howler monkey (D:4)
  4 crimson imps
  A quasit (D:9)
  A bullfrog zombie (D:6)
  2 hounds
  3 orc wizards
  An iguana (D:7)
  2 worker ants
  A worker ant zombie (D:5)
  12 adders
  4 gnolls (D:7)
  2 shadow imps (D:6)
  2 oozes (Sewer)
  An adder zombie (D:5)
  2 worms
  A dart slug (D:1)
  7 leopard geckos
  12 orcs
  A ball python (Sewer)
  6 bats
  2 giant cockroaches
  6 goblins
  6 hobgoblins
  3 jackals
  2 quokkas
  12 frilled lizards
  A jackal zombie (D:7)
  14 kobolds
  A leopard gecko zombie (D:6)
  A quokka skeleton (D:5)
  8 rats
  A spectral orc (D:4)
143 creatures vanquished.

Notes
Turn   | Place    | Note
-------+----------+-------------------------------------------
     0 | D:1      | tilp the Spriggan Enchanter began the quest for the Orb.
     0 | D:1      | Reached XP level 1. HP: 9/9 MP: 5/5
   570 | D:1      | Reached XP level 2. HP: 13/13 MP: 6/6
   574 | D:1      | Learned a level 2 spell: Ensorcelled Hibernation
   593 | D:1      | Reached skill level 5 in Stealth
  2042 | D:1      | Reached XP level 3. HP: 12/16 MP: 6/8
  2148 | D:2      | Found a faded altar of an unknown god.
  2453 | D:2      | Found a snail-covered altar of Cheibriados.
  2667 | D:2      | Learned a level 3 spell: Confuse
  2850 | D:2      | Found a stormy altar of Qazlal.
  2979 | D:2      | Found a sacrificial altar of Ru.
  3428 | D:3      | Reached XP level 4. HP: 21/21 MP: 6/9
  3529 | D:3      | Found a burning altar of Makhleb.
  3529 | D:3      | Found a shimmering altar of Xom.
  3789 | D:4      | Reached XP level 5. HP: 24/24 MP: 3/10
  4022 | D:4      | Noticed a phantom
  4135 | D:4      | Noticed an ogre
  4143 | D:4      | Killed an ogre
  4143 | D:4      | Reached XP level 6. HP: 28/28 MP: 8/11
  4338 | D:4      | Found a basalt altar of Yredelemnul.
  4558 | D:4      | Learned a level 3 spell: Tukima's Dance
  4560 | D:5      | Entered Level 5 of the Dungeon
  4561 | D:5      | Reached skill level 5 in Short Blades
  4945 | D:3      | Became a worshipper of Makhleb the Destroyer
  5057 | D:5      | Found Iwea's General Store.
  5115 | D:5      | Found a glowing drain.
  5125 | Sewer    | Entered a sewer
  5742 | Sewer    | Reached XP level 7. HP: 32/32 MP: 6/14
  5747 | Sewer    | Reached skill level 5 in Hexes
  6035 | D:5      | Reached * piety under Makhleb
  6783 | D:5      | Learned a level 3 spell: Dazzling Flash
  6951 | D:6      | Found a snail-covered altar of Cheibriados.
  6967 | D:6      | Found a white marble altar of Elyvilon.
  7053 | D:6      | Reached skill level 1 in Fighting
  7053 | D:6      | Reached XP level 8. HP: 19/37 MP: 8/15
  7483 | D:6      | Found a staircase to the Ecumenical Temple.
  7709 | D:6      | Reached skill level 5 in Dodging
  7910 | D:6      | Noticed Edmund
  7917 | D:6      | Killed Edmund
  8472 | D:7      | Reached skill level 1 in Evocations
  8506 | D:7      | Found a transporter.
  8518 | D:7      | Noticed bobob's ghost (novice DEFE)
  8841 | D:7      | You fall into a shaft and drop 2 floors!
  8844 | D:9      | Reached XP level 9. HP: 44/44 MP: 16/16
  8896 | D:9      | Found a staircase to the Orcish Mines.
  9107 | D:7      | Slain by a wyvern skeleton

Levels and vault maps discovered:
D:1:      dpeg_arrival_boxorama, layout_basic
D:2:      layout_rooms, overflow_temple_1_default, cheibriados_altar_1,
          nicolae_qazlal_eye_of_the_storm,
          chequers_ecumenical_altar_simple_redux, first_ration
D:3:      layout_basic, grunt_temple_overflow_champion_of_chaos
D:4:      layout_cave_pools, yredelemnul_forgotten_temple_becter,
          hangedman_decor_opposing, minmay_circle_x
D:5:      layout_loops_ring, portal_sewer_entry_d, serial_shops, shop
D:6:      minmay_evil_eye, layout_loops_corners, nicolae_overflow_crystal_walls,
          minmay_temple_entry_glass, basic_altar, uniq_edmund
D:7:      layout_loops_ring, lemuel_coloured_pillars_altar,
          gammafunk_ghost_stat_death, uniq_joseph
D:8:      layout_rooms, minmay_lair_entry_grove, st_stairs_10,
          blue_anna_alchemist [blue_anna_fruit_fields, blue_anna_fruit_fields],
          jmf_multi_god_temple
D:9:      layout_stronghold, orc_0_dummy, uniq_psyche

Skill      XL: |  1  2  3  4  5  6  7  8  9 |
---------------+----------------------------+-----
Stealth        | 5 6 7 8 |  8.5
Short Blades   | 2 3 4 5 |  5.4
Spellcasting   | 4 |  4.2
Hexes          | 4 8 |  8.0
Fighting       | 1 3 |  3.0
Dodging        | 8 |  8.0
Evocations     | 3 4 |  4.2

Action                   |  1- 3 |  4- 6 |  7- 9 || total
-------------------------+-------+-------+-------++-------
Melee: Dagger            |    73 |    91 |   160 ||   324
Throw: Dart              |    54 |     3 |       ||    57
       Stone             |     4 |       |       ||     4
 Cast: Corona            |    22 |       |       ||    22
       Ensorcelled Hiber |    22 |    50 |    43 ||   115
       Confuse           |       |     2 |     9 ||    11
  Use: Scroll            |     2 |     6 |     4 ||    12
       Potion            |       |       |     1 ||     1
 Stab: Sleeping          |    14 |    32 |    37 ||    83
       Confused          |       |     2 |    10 ||    12
  Eat: Ration            |       |     3 |     2 ||     5
Armor: Robe              |     8 |     6 |     6 ||    20
Dodge: Dodged            |    35 |    61 |   120 ||   216

Table legend:
 A = Non-vault XP
 B = Vault XP
 C = Vault XP percentage of total XP
 D = Non-vault monster count
 E = Vault monster count
 F = Vault count percentage of total count
                 A         B        C        D         E       F
            +---------+---------+-------+---------+---------+-------
      Total |    2380 |     708 |  22.9 |     108 |      35 |  24.5
            +---------+---------+-------+---------+---------+-------
        D:1 |      41 |       0 |   0.0 |      23 |       0 |   0.0
        D:2 |      25 |       0 |   0.0 |      11 |       0 |   0.0
        D:3 |      35 |      53 |  60.2 |       8 |       2 |  20.0
        D:4 |     205 |      71 |  25.7 |       8 |       4 |  33.3
        D:5 |     224 |      13 |   5.5 |      16 |       1 |   5.9
        D:6 |    1154 |     233 |  16.8 |      20 |       4 |  16.7
        D:7 |     650 |       0 |   0.0 |      21 |       0 |   0.0
        D:9 |      46 |       0 |   0.0 |       1 |       0 |   0.0
      Sewer |       0 |     338 | 100.0 |       0 |      24 | 100.0
            +---------+---------+-------+---------+---------+-------
